[ AOE2 MATCH · #505246827 ]
UnrankedPoles vs Gurjaras
Player's team · LOSS
Rival team · WIN
[ REPLAY ANALYSIS · EXTRACTED FROM THE RECORDED GAME ]
Feudal
9:43
Castle
22:40
Imperial
—
| APM avg | 54.1 |
| APM peak | 105 |
| eAPM avg | 26.9 |
| Villagers / military | 50 / 17 |
Focus
⚔️ 40.4% · 🌾 59.6%
Scout Cavalry ×12 · Militia ×3 · Knight ×2
Feudal
8:51
Castle
21:49
Imperial
—
| APM avg | 66.1 |
| APM peak | 115 |
| eAPM avg | 24.3 |
| Villagers / military | 49 / 34 |
Focus
⚔️ 36.4% · 🌾 63.6%
Archer ×22 · Camel Scout ×7 · Spearman ×3 · Monk ×2
Match map
Initial resources + every placement click. Lines = walls · curves = elevation contours. ◆ gold · ⬟ stone · ● berries · ✦ relic · ◌ wall gap
Your base· Open — unwalled flank
Coke's base· Open — 4t gap
Smoothed initial terrain · ◌ = detected wall gap · hover for details
Inputs per minute
— Jaco - - Coke
Build order — Jaco
141 actions detected in the replay
| 0:01 | Queue | Villager (Male) |
| 0:01 | Queue | Villager (Male) |
| 0:02 | Build | House |
| 0:03 | Build | House |
| 0:10 | Queue | Villager (Male) |
| 0:11 | Queue | Villager (Male) |
| 0:11 | Queue | Villager (Male) |
| 1:31 | Queue | Villager (Male) |
| 1:47 | Build | Lumber Camp |
| 1:58 | Queue | Villager (Male) |
| 2:14 | Queue | Villager (Male) |
| 2:44 | Queue | Villager (Male) |
| 2:59 | Queue | Villager (Male) |
| 3:32 | Queue | Villager (Male) |
| 3:32 | Queue | Villager (Male) |
| 3:55 | Build | House |
| 4:07 | Queue | Villager (Male) |
| 4:18 | Queue | Villager (Male) |
| 4:31 | Build | Mill |
| 4:41 | Queue | Villager (Male) |
| 5:19 | Queue | Villager (Male) |
| 5:47 | Queue | Villager (Male) |
| 6:06 | Queue | Villager (Male) |
| 6:28 | Queue | Villager (Male) |
| 6:29 | Research | Loom |
| 6:44 | Build | Barracks |
| 6:52 | Build | Mining Camp |
| 7:33 | Research | Feudal Age |
| 7:50 | Queue | Militia |
| 7:50 | Queue | Militia |
| 8:05 | Queue | Militia |
| 9:43 | Age | Feudal Age |
| 9:46 | Build | Watch Tower |
| 9:49 | Research | Man-at-Arms (upgrade) |
| 9:54 | Queue | Villager (Male) |
| 9:56 | Research | Horse Collar |
| 9:57 | Queue | Villager (Male) |
| 10:05 | Build | Farm |
| 10:24 | Build | House |
| 10:59 | Build | Farm |
| 11:00 | Build | Farm |
| 11:01 | Queue | Villager (Male) |
| 11:02 | Queue | Villager (Male) |
| 11:33 | Queue | Villager (Male) |
| 11:37 | Build | Farm |
| 12:05 | Build | Stable |
| 12:08 | Build | Farm |
| 12:11 | Build | Farm |
| 12:15 | Queue | Villager (Male) |
| 12:34 | Build | Watch Tower |
| 12:43 | Build | Farm |
| 12:46 | Build | Palisade Wall |
| 12:49 | Build | Palisade Wall |
| 12:56 | Queue | Villager (Male) |
| 13:00 | Build | House |
| 13:02 | Queue | Scout Cavalry |
| 13:25 | Build | Palisade Wall |
| 13:27 | Build | Palisade Wall |
| 13:27 | Build | Palisade Wall |
| 13:28 | Build | Palisade Wall |
| 13:28 | Build | Palisade Wall |
| 13:29 | Build | Palisade Wall |
| 13:29 | Build | Palisade Wall |
| 13:29 | Build | Palisade Wall |
| 13:33 | Build | Watch Tower |
| 13:36 | Queue | Villager (Male) |
| 13:39 | Build | Mill |
| 13:40 | Queue | Scout Cavalry |
| 13:42 | Build | House |
| 14:00 | Queue | Villager (Male) |
| 14:03 | Build | Farm |
| 14:04 | Queue | Villager (Male) |
| 14:37 | Queue | Villager (Male) |
| 14:39 | Build | Farm |
| 14:40 | Build | Farm |
| 14:52 | Queue | Scout Cavalry |
| 14:52 | Queue | Scout Cavalry |
| 14:57 | Build | Farm |
| 15:06 | Queue | Villager (Male) |
| 15:29 | Build | Watch Tower |
| 15:33 | Queue | Villager (Male) |
| 15:48 | Build | Watch Tower |
| 16:07 | Queue | Villager (Male) |
| 16:10 | Build | Farm |
| 16:13 | Build | Farm |
| 16:14 | Queue | Villager (Male) |
| 16:28 | Queue | Scout Cavalry |
| 16:55 | Research | Bloodlines |
| 16:57 | Queue | Villager (Male) |
| 16:58 | Build | Farm |
| 17:01 | Build | Farm |
| 17:03 | Queue | Villager (Male) |
| 17:50 | Queue | Villager (Male) |
| 17:51 | Queue | Villager (Male) |
| 17:52 | Build | Mining Camp |
| 18:33 | Build | House |
| 19:01 | Build | Blacksmith |
| 19:10 | Queue | Villager (Male) |
| 19:20 | Queue | Villager (Male) |
| 19:21 | Queue | Scout Cavalry |
| 19:46 | Queue | Scout Cavalry |
| 19:48 | Research | Castle Age |
| 20:13 | Queue | Scout Cavalry |
| 20:27 | Research | Double-Bit Axe |
| 20:33 | Build | Farm |
| 20:40 | Build | Mining Camp |
| 20:59 | Queue | Scout Cavalry |
| 21:01 | Research | Scale Barding Armor |
| 21:01 | Research | Scale Barding Armor |
| 21:18 | Build | Farm |
| 21:23 | Queue | Scout Cavalry |
| 21:32 | Research | Forging |
| 21:38 | Build | Farm |
| 21:45 | Build | House |
| 21:47 | Build | House |
| 21:53 | Queue | Scout Cavalry |
| 22:25 | Queue | Scout Cavalry |
| 22:40 | Age | Castle Age |
| 23:08 | Build | House |
| 23:11 | Build | Town Center |
| 23:28 | Queue | Knight |
| 23:39 | Queue | Villager (Male) |
| 23:39 | Queue | Villager (Male) |
| 23:49 | Queue | Knight |
| 24:39 | Queue | Villager (Male) |
| 24:39 | Queue | Villager (Male) |
| 24:39 | Queue | Villager (Male) |
| 24:40 | Queue | Villager (Male) |
| 24:46 | Build | Mill |
| 25:08 | Build | Town Center |
| 25:20 | Build | Farm |
| 25:39 | Queue | Villager (Male) |
| 25:44 | Build | Farm |
| 25:44 | Build | Farm |
| 26:02 | Build | Farm |
| 26:06 | Build | Farm |
| 26:06 | Build | Farm |
| 26:09 | Queue | Villager (Male) |
| 26:17 | Queue | Villager (Male) |
| 26:23 | Build | Farm |
| 26:25 | Queue | Villager (Male) |
Build order — Coke
First 150 of 159 actions detected
| 0:00 | Queue | Villager (Male) |
| 0:01 | Queue | Villager (Male) |
| 0:01 | Queue | Villager (Male) |
| 0:02 | Build | House |
| 0:03 | Build | House |
| 0:09 | Queue | Villager (Male) |
| 1:17 | Build | Mill |
| 1:25 | Queue | Villager (Male) |
| 2:02 | Queue | Villager (Male) |
| 2:30 | Queue | Villager (Male) |
| 2:44 | Queue | Villager (Male) |
| 3:06 | Queue | Villager (Male) |
| 3:10 | Build | House |
| 3:42 | Queue | Villager (Male) |
| 3:42 | Queue | Villager (Male) |
| 4:33 | Queue | Villager (Male) |
| 4:55 | Queue | Villager (Male) |
| 5:21 | Build | Lumber Camp |
| 5:23 | Queue | Villager (Male) |
| 5:32 | Queue | Villager (Male) |
| 5:33 | Research | Loom |
| 6:29 | Research | Feudal Age |
| 7:20 | Build | Barracks |
| 7:33 | Build | House |
| 8:08 | Build | House |
| 8:11 | Queue | Villager (Male) |
| 8:27 | Queue | Villager (Male) |
| 8:42 | Queue | Villager (Male) |
| 8:51 | Age | Feudal Age |
| 8:55 | Build | Archery Range |
| 9:10 | Build | Mining Camp |
| 9:35 | Queue | Villager (Male) |
| 9:38 | Build | House |
| 9:40 | Build | House |
| 9:44 | Queue | Archer |
| 9:45 | Queue | Spearman |
| 10:04 | Build | Watch Tower |
| 10:10 | Queue | Villager (Male) |
| 10:24 | Queue | Villager (Male) |
| 10:30 | Queue | Villager (Male) |
| 10:33 | Queue | Spearman |
| 10:37 | Build | Palisade Wall |
| 10:38 | Build | Palisade Wall |
| 10:40 | Build | Palisade Wall |
| 10:47 | Queue | Villager (Male) |
| 11:03 | Queue | Villager (Male) |
| 11:11 | Queue | Villager (Male) |
| 11:21 | Build | Palisade Gate |
| 11:25 | Build | House |
| 11:29 | Build | Palisade Wall |
| 11:56 | Build | Blacksmith |
| 11:59 | Build | House |
| 12:02 | Build | House |
| 12:02 | Build | House |
| 12:03 | Queue | Villager (Male) |
| 12:08 | Build | House |
| 12:10 | Build | House |
| 12:17 | Build | Farm |
| 12:19 | Queue | Archer |
| 12:25 | Build | Farm |
| 12:34 | Build | House |
| 12:39 | Build | Farm |
| 12:49 | Research | Fletching |
| 12:55 | Build | Farm |
| 13:03 | Build | Palisade Wall |
| 13:08 | Queue | Villager (Male) |
| 13:33 | Queue | Archer |
| 13:34 | Queue | Villager (Male) |
| 13:37 | Build | Mining Camp |
| 13:47 | Queue | Archer |
| 14:10 | Queue | Archer |
| 14:10 | Queue | Villager (Male) |
| 14:19 | Build | House |
| 14:28 | Queue | Archer |
| 14:30 | Build | House |
| 14:40 | Queue | Villager (Male) |
| 15:01 | Queue | Villager (Male) |
| 15:05 | Build | Farm |
| 15:07 | Build | Farm |
| 15:14 | Build | House |
| 15:16 | Queue | Villager (Male) |
| 15:21 | Queue | Archer |
| 15:44 | Queue | Archer |
| 15:45 | Queue | Villager (Male) |
| 15:49 | Build | Farm |
| 16:01 | Build | Farm |
| 16:02 | Build | Farm |
| 16:17 | Build | Watch Tower |
| 16:26 | Queue | Archer |
| 16:40 | Queue | Archer |
| 16:41 | Queue | Villager (Male) |
| 16:46 | Build | Farm |
| 16:57 | Queue | Villager (Male) |
| 17:08 | Build | Market |
| 17:26 | Queue | Villager (Male) |
| 17:39 | Build | Farm |
| 17:41 | Queue | Villager (Male) |
| 17:47 | Build | House |
| 17:48 | Build | House |
| 17:57 | Build | Farm |
| 17:58 | Build | Farm |
| 18:05 | Build | Palisade Wall |
| 18:07 | Build | Palisade Wall |
| 18:08 | Build | Palisade Wall |
| 18:10 | Build | Palisade Wall |
| 18:51 | Build | Farm |
| 19:09 | Research | Castle Age |
| 19:11 | Queue | Archer |
| 20:01 | Build | Mining Camp |
| 20:12 | Queue | Archer |
| 20:38 | Research | Double-Bit Axe |
| 20:50 | Build | Stable |
| 21:01 | Queue | Villager (Male) |
| 21:19 | Queue | Archer |
| 21:26 | Queue | Spearman |
| 21:42 | Queue | Camel Scout |
| 21:49 | Build | Farm |
| 21:49 | Age | Castle Age |
| 21:53 | Research | Bodkin Arrow |
| 21:54 | Research | Crossbowman (upgrade) |
| 21:54 | Queue | Villager (Male) |
| 22:02 | Build | Palisade Wall |
| 22:03 | Build | Palisade Wall |
| 22:04 | Build | Palisade Wall |
| 22:12 | Queue | Camel Scout |
| 22:36 | Queue | Archer |
| 22:37 | Queue | Villager (Male) |
| 23:12 | Build | Town Center |
| 23:15 | Queue | Archer |
| 23:28 | Queue | Archer |
| 23:29 | Queue | Villager (Male) |
| 23:35 | Queue | Archer |
| 23:36 | Queue | Villager (Male) |
| 23:36 | Queue | Villager (Male) |
| 24:06 | Queue | Camel Scout |
| 24:17 | Queue | Villager (Male) |
| 24:18 | Queue | Camel Scout |
| 24:30 | Queue | Archer |
| 24:31 | Queue | Villager (Male) |
| 24:42 | Queue | Villager (Male) |
| 24:47 | Queue | Archer |
| 24:48 | Queue | Camel Scout |
| 25:06 | Build | Farm |
| 25:10 | Build | Archery Range |
| 25:11 | Build | Monastery |
| 25:21 | Queue | Archer |
| 25:22 | Queue | Camel Scout |
| 25:23 | Queue | Villager (Male) |
| 25:33 | Build | Watch Tower |
| 25:40 | Queue | Archer |
Match timeline
| 6:44 | Jaco · first_building Barracks |
| 7:20 | Coke · first_building Barracks |
| 8:51 | Coke · age_up feudal |
| 8:55 | Coke · first_building Archery Range |
| 9:43 | Jaco · age_up feudal |
| 10:37 | Coke · wall_segment Palisade Wall x1 |
| 10:38 | Coke · wall_segment Palisade Wall x1 |
| 10:40 | Coke · wall_segment Palisade Wall x1 |
| 11:29 | Coke · wall_segment Palisade Wall x1 |
| 12:05 | Jaco · first_building Stable |
| 12:46 | Jaco · wall_segment Palisade Wall x1 |
| 12:49 | Jaco · wall_segment Palisade Wall x1 |
| 13:03 | Coke · wall_segment Palisade Wall x10 |
| 13:25 | Jaco · wall_segment Palisade Wall x1 |
| 13:27 | Jaco · wall_segment Palisade Wall x1 |
| 13:27 | Jaco · wall_segment Palisade Wall x1 |
| 13:28 | Jaco · wall_segment Palisade Wall x2 |
| 13:28 | Jaco · wall_segment Palisade Wall x2 |
| 13:29 | Jaco · wall_segment Palisade Wall x1 |
| 13:29 | Jaco · wall_segment Palisade Wall x2 |
| 13:29 | Jaco · wall_segment Palisade Wall x1 |
| 18:05 | Coke · wall_segment Palisade Wall x1 |
| 18:07 | Coke · wall_segment Palisade Wall x1 |
| 18:08 | Coke · wall_segment Palisade Wall x1 |
| 18:10 | Coke · wall_segment Palisade Wall x1 |
| 18:32 | Coke · first_market_buy 100 food |
| 18:32 | Coke · first_market_sell 500 wood |
| 20:50 | Coke · first_building Stable |
| 21:49 | Coke · age_up castle |
| 22:02 | Coke · wall_segment Palisade Wall x1 |
| 22:03 | Coke · wall_segment Palisade Wall x1 |
| 22:04 | Coke · wall_segment Palisade Wall x1 |
| 22:40 | Jaco · age_up castle |
| 25:11 | Coke · first_building Monastery |
| 26:30 | Jaco · resign |
[ AI ANALYSIS · 1 CREDIT ]
What really happened in this match?
Wolo.gg analyzes every decision: build order, eco, micro, common mistakes by bracket. Personalized analysis on WhatsApp or Discord in 30 seconds.
Civ guide
Poles
Perfil
Jugador #1470140